 Dungeon Crawl Stone Soup version 0.18.1-8-gdd0e5ea (webtiles) character file.

1215 M4edhros the Covert (level 8, -4/48 HPs)
             Began as an Octopode Artificer on June 8, 2016.
             Was a Follower of Fedhas.
             Slain by an orc warrior
             ... wielding a +0 halberd
              (15 damage)
             ... on level 6 of the Dungeon.
             The game lasted 00:09:26 (5834 turns).

M4edhros the Covert (Octopode Artificer)            Turns: 5834, Time: 00:09:26

Health: -4/48      AC:  2    Str: 11    XL:     8   Next: 46%
Magic:  11/11      EV: 11    Int: 14    God:    Fedhas [*.....]
Gold:   287        SH:  6    Dex: 12    Spells: 0 memorised, 7 levels left

rFire  . . .     SeeInvis .     e - +1 dagger (elec)
rCold  . . .     Gourm    .     w - +0 shield
rNeg   . . .     Faith    .     (helmet restricted)
rPois  +         Spirit   .     (no amulet)
rElec  .         Dismiss  .     i - ring of sustain attributes
rCorr  .         Reflect  .     (no ring)
SustAt +         Harm     .     (no ring)
MR     .....     Rnd*Tele +     (no ring)
Stlth  +++++++...               (no ring)
                                (no ring)
                                (no ring)
                                (no ring)

@: about to teleport, not resistant to hostile enchantments, extremely stealthy
A: almost no armour, amphibious, 8 rings, constrict 8, antennae 1, repulsion
field 1, icy blue scales 1, camouflage 1, clumsy 1, high mp 1, sense
surroundings 1, poison resistance, teleportitis 1, gelatinous body 1, evolution
1
a: Evolution, Renounce Religion


You were on level 6 of the Dungeon.
You worshipped Fedhas.
Fedhas was aware of your devotion.
You were not hungry.

You visited 2 branches of the dungeon, and saw 7 of its levels.

You collected 287 gold pieces.

Inventory:

Hand Weapons
 e - a +1 dagger of electrocution (weapon)
 C - a +1 greatsling
Missiles
 D - 212 stones (quivered)
 E - 14 sling bullets
Armour
 w - a +0 shield (worn)
Jewellery
 i - a ring of sustain attributes (left tentacle)
Wands
 a - a wand of digging (1/24)
 b - a wand of flame (7/48)
 c - a wand of enslavement (9/24)
 d - a wand of random effects (13/48)
 l - a wand of iceblast (6/15)
 p - a wand of slowing (14/48)
 v - a wand of disintegration (10/24)
Scrolls
 h - 2 scrolls of remove curse
 m - a scroll of magic mapping {unknown}
 s - 2 scrolls of teleportation
Potions
 g - a potion of ambrosia {unknown}
 j - a potion of agility
 k - a potion of curing
 n - a potion of resistance {unknown}
 o - 2 potions of flight {unknown}
 q - a potion of brilliance {unknown}
 r - a potion of haste {unknown}
 x - a potion of cure mutation {unknown}
Books
 t - a book of Fire

   Spells                             Type                      Level
   a - Ignite Poison                  Fire/Transmutation/Poison    3
   b - Fireball                       Conjuration/Fire             5
   c - Bolt of Fire                   Conjuration/Fire             6
   d - Delayed Fireball               Conjuration/Fire             7
   e - Ring of Flames                 Charms/Fire                  7
 u - a book of Conjurations

   Spells                             Type                      Level
   a - Magic Dart                     Conjuration                  1
   b - Searing Ray                    Conjuration                  2
   c - Dazzling Spray                 Conjuration/Hexes            3
   d - Fulminant Prism                Conjuration/Hexes            4
   e - Iskenderun's Mystic Blast      Conjuration                  4
   f - Iskenderun's Battlesphere      Conjuration/Charms           5
 y - a book of Ice

   Spells                             Type                      Level
   a - Ice Form                       Ice/Transmutation            4
   b - Metabolic Englaciation         Hexes/Ice                    5
   c - Ozocubu's Refrigeration        Ice                          6
   d - Bolt of Cold                   Conjuration/Ice              6
   e - Freezing Cloud                 Conjuration/Ice/Air          6
   f - Simulacrum                     Ice/Necromancy               6
Comestibles
 f - 6 bread rations
 B - a slice of pizza


   Skills:
 - Level 1.0 Fighting
 - Level 1.0 Short Blades
 + Level 4.0 Slings
 - Level 2.0 Dodging
 + Level 12.3 Stealth
 - Level 3.2 Evocations


You had 7 spell levels left.
You didn't know any spells.

Dungeon Overview and Level Annotations

Branches:
Dungeon (6/15)             Temple (1/1) D:5

Altars:
Ashenzari
Cheibriados
Dithmenos
Elyvilon
Fedhas
Gozag
Kikubaaqudgha
Makhleb
Nemelex Xobeh
Okawaru
Pakellas
Qazlal
Ru
Sif Muna
Trog
Vehumet
Xom
Yredelemnul
Zin
The Shining One

Shops:
D:5 :


Innate Abilities, Weirdness & Mutations

You cannot wear most types of armour.
You are amphibious.
You can wear up to eight rings at the same time.
You can use your tentacles to constrict eight enemies at once.
Your skin changes colour to match your surroundings (Stealth).
Your rubbery body absorbs attacks (AC +1).
You have a pair of small antennae on your head.
You are surrounded by a mild repulsion field (EV +2).
You are partially covered in icy blue scales (AC +1).
You are clumsy. (Dex -2)
You have an increased reservoir of magic (+10% MP).
You passively map a small area around you.
Your system is resistant to poisons.
You are occasionally teleported next to monsters.
You evolve.


Message History

Aim: an orc warrior, wielding a halberd and wearing a chain mail
Okay, then.
Your wandering mushroom releases spores at the orc warrior but does no damage.
The orc wizard mumbles some strange words.
The orc wizard blinks!
Drink which item? (? for menu, Esc to quit)
Okay, then.
Your wandering mushroom releases spores at the orc warrior!
The orc warrior is engulfed in a cloud of spores!
The orc wizard gestures at you while chanting.
The magic dart hits you!
* * * LOW HITPOINT WARNING * * *
Drink which item? (? for menu, Esc to quit)
Okay, then.
Read which item? (? for menu, Esc to quit)
As you read the scroll of teleportation, it crumbles to dust.
You feel strangely unstable.
The orc warrior hits you from afar with a halberd!
You die...
Fedhas appreciates your contribution to the ecosystem.

## #. #.##.######...#
# #. #....# ...# *, #
## #.###.#### ,..#
#*##...#.#...#######*
.#
.,..................
, , ,
(.##...#####.#######*
, #.,## #..# ** #.
###.#### , #.######
#....o@#
#......###f).o..# *
*#.)........#
#####...$..# *
#......# #......#
########


You could see an orc warrior, an orc wizard and a friendly wandering mushroom.

Vanquished Creatures
  Grinder (D:6)
  Edmund (D:6)
  Eustachio (D:6)
  An ice beast (D:5)
  A phantom (D:4)
  A giant frog (D:6)
  Blork the orc (D:5)
  A howler monkey (D:3)
  3 crimson imps
  A jelly (D:5)
  A hound (D:5)
  An orc wizard (D:4)
  2 worker ants
  A howler monkey skeleton (D:6)
  10 adders
  A shadow imp (D:6)
  An ooze (D:3)
  4 worms (D:2)
  5 dart slugs (D:1)
  3 giant geckos
  6 orcs
  4 giant cockroaches
  12 goblins
  6 hobgoblins
  12 jackals
  4 kobolds
  4 quokkas
  A ball python (D:3)
  11 bats
  2 giant newts
  A jackal skeleton (D:4)
  2 rats (D:2)
106 creatures vanquished.

Vanquished Creatures (collateral kills)
  A giant frog (D:6)
  Robin (D:3)
  An adder (D:2)
  2 orcs (D:4)
  A bat (D:3)
  6 goblins (D:3)
  A hobgoblin (D:3)
  A quokka (D:6)
14 creatures vanquished.

Vanquished Creatures (others)
  A sky beast (D:6)
  A worker ant (D:4)
  An orc (D:4)
  2 wandering mushrooms (D:6)
  41 toadstools
46 creatures vanquished.

Grand Total: 166 creatures vanquished

Notes
Turn   | Place    | Note
--------------------------------------------------------------
     0 | D:1      | M4edhros the Octopode Artificer began the quest for the Orb.
     0 | D:1      | Reached XP level 1. HP: 13/13 MP: 3/3
    50 | D:1      | Reached skill level 2 in Stealth
   225 | D:1      | Reached XP level 2. HP: 12/18 MP: 4/4
   390 | D:1      | Reached skill level 3 in Stealth
   962 | D:1      | Reached skill level 4 in Stealth
  1078 | D:2      | Reached XP level 3. HP: 9/23 MP: 5/5
  1272 | D:2      | Found a shadowy altar of Dithmenos.
  1512 | D:4      | Noticed a phantom
  1513 | D:4      | Reached skill level 5 in Stealth
  1532 | D:4      | Gained mutation: You are partially covered in icy blue scales (AC +1). [potion of beneficial mutation]
  1549 | D:4      | Reached XP level 4. HP: 16/28 MP: 6/6
  1699 | D:4      | Reached skill level 6 in Stealth
  1770 | D:4      | Reached XP level 5. HP: 11/33 MP: 7/7
  1988 | D:4      | Killed a phantom
  1988 | D:4      | Reached skill level 8 in Stealth
  1995 | D:4      | Gained mutation: You have a pair of small antennae on your head. [potion of beneficial mutation]
  2081 | D:4      | Found a basalt altar of Yredelemnul.
  2096 | D:4      | Found an ancient bone altar of Kikubaaqudgha.
  2098 | D:4      | Found a glowing golden altar of the Shining One.
  2098 | D:4      | Found a sacrificial altar of Ru.
  2102 | D:4      | Found an iron altar of Okawaru.
  2225 | D:5      | Entered Level 5 of the Dungeon
  2225 | D:5      | Noticed an ice beast
  2231 | D:5      | Killed an ice beast
  2231 | D:5      | Reached skill level 9 in Stealth
  2231 | D:5      | Reached XP level 6. HP: 5/38 MP: 8/8
  2633 | D:5      | Found Yghelex's Book Emporium.
  2808 | D:5      | Noticed Blork the orc
  2818 | D:5      | Killed Blork the orc
  2818 | D:5      | Reached skill level 10 in Stealth
  2818 | D:5      | Reached XP level 7. HP: 34/43 MP: 9/9
  2923 | D:5      | Found a staircase to the Ecumenical Temple.
  3045 | Temple   | Entered the Ecumenical Temple
  3075 | Temple   | Became a worshipper of Xom of Many Doors
  3082 | Temple   | Fell from the grace of Xom
  3082 | Temple   | Became a worshipper of Fedhas Madash
  3297 | D:2      | XOM: summons 4 hostile demons
  3766 | D:2      | Reached * piety under Fedhas
  3770 | D:2      | Found a sparkling altar of Nemelex Xobeh.
  3782 | D:2      | XOM: give mutation
  3782 | D:2      | Gained mutation: You are weak. (Str -2) [Xom's mischief]
  3865 | D:2      | XOM: give mutations
  3865 | D:2      | Gained mutation: You passively map a small area around you. [Xom's mischief]
  3865 | D:2      | Lost mutation: You are weak. (Str -2) [Xom's mischief]
  3865 | D:2      | Gained mutation: You are frail (-10% HP). [Xom's mischief]
  4879 | D:3      | XOM: summons 2 hostile demons
  4965 | D:3      | Noticed Robin
  4989 | D:3      | Killed Robin
  5141 | D:3      | Reached skill level 11 in Stealth
  5402 | D:2      | Lost mutation: You are frail (-10% HP). [potion of mutation]
  5402 | D:2      | Gained mutation: You are occasionally teleported next to monsters. [potion of mutation]
  5402 | D:2      | Gained mutation: Your flesh is cold resistant. [potion of mutation]
  5560 | D:5      | Found an oddly glowing altar of Pakellas.
  5574 | D:5      | Reached skill level 1 in Slings
  5633 | D:6      | Noticed Grinder
  5637 | D:6      | Paralysed by Grinder for 4 turns
  5653 | D:6      | Noticed Eustachio
  5656 | D:6      | Killed Grinder
  5656 | D:6      | Reached XP level 8. HP: 33/48 MP: 10/10
  5678 | D:6      | Noticed Edmund
  5682 | D:6      | Killed Eustachio
  5684 | D:6      | Reached skill level 12 in Stealth
  5688 | D:6      | Killed Edmund
  5700 | D:6      | Gained mutation: Your system is resistant to poisons. [mutagenic meat]
  5701 | D:6      | Gained mutation: You are surrounded by a mild repulsion field (EV +2). [mutagenic meat]
  5703 | D:6      | Gained mutation: You have an increased reservoir of magic (+10% MP). [mutagenic meat]
  5795 | D:6      | XOM: give mutations
  5795 | D:6      | Lost mutation: Your flesh is cold resistant. [Xom's mischief]
  5795 | D:6      | Gained mutation: You evolve. [Xom's mischief]
  5795 | D:6      | Gained mutation: You are clumsy. (Dex -2) [Xom's mischief]
  5834 | D:6      | Slain by an orc warrior

Skill      XL: |  1  2  3  4  5  6  7  8 |
---------------+-------------------------+-----
Stealth        | 2 4 5 6 9 10 11 12 | 12.3
Slings         | 2 4 |  4.0
Fighting       | |  1.0
Short Blades   | |  1.0
Dodging        | |  2.0
Evocations     | |  3.2

Action                   |  1- 3 |  4- 6 |  7- 9 || total
-------------------------+-------+-------+-------++-------
Melee: Short sword       |     5 |       |       ||     5
       Dagger            |    42 |    29 |   128 ||   199
       Constrict         |    11 |     5 |    30 ||    46
       Tentacles         |     6 |     6 |    20 ||    32
 Fire: Greatsling        |       |       |     3 ||     3
Invok: Evolution         |       |       |     3 ||     3
Evoke: Wand              |     3 |     9 |     4 ||    16
  Use: Scroll            |     2 |       |     7 ||     9
       Potion            |     1 |     1 |     2 ||     4
 Stab: Sleeping          |     9 |     8 |    24 ||    41
       Confused          |       |       |     1 ||     1
  Eat: Chunk             |     1 |     5 |     7 ||    13
       Meat ration       |       |       |     1 ||     1
       Bread ration      |       |       |     1 ||     1
Armor: Skin              |     7 |       |    17 ||    24
Dodge: Dodged            |    24 |    18 |    62 ||   104
Block: Shield            |       |       |    35 ||    35
